 Dungeon Crawl Stone Soup version 0.29.1-13-g9f3cf754e1 (webtiles) character file.

Game seed: 7105209020498822488

50 KittyFluff the Trooper (level 3, -2/36 HPs)
             Began as a Gargoyle Berserker on Jan 22, 2023.
             Was a Believer of Trog.
             Constricted to death by Terence (4 damage)
             ... on level 2 of the Dungeon.
             The game lasted 00:05:40 (1837 turns).

KittyFluff the Trooper (Gargoyle Berserker)         Turns: 1837, Time: 00:05:40

Health: -2/36      AC:  6    Str: 20    XL:     3   Next: 79%
Magic:  3/3        EV:  8    Int:  7    God:    Trog [**....]
Gold:   127        SH:  0    Dex: 11    Spells: 2/2 levels left

rFire   . . .      SeeInvis .   a - +0 mace
rCold   . . .      Faith    .   (no shield)
rNeg    + . .      Spirit   .   j - +0 leather armour
rPois   ∞          Reflect  .   (no helmet)
rElec   +          Harm     .   (no cloak)
rCorr   .          Rampage  .   (no gloves)
Will    +....                   (no boots)
Stlth   ..........              (no amulet)
HPRegen 0.12/turn               g - ring of willpower
MPRegen 0.08/turn               (no ring)

@: berserking, grasped by roots, constricted, very quick
A: sickness immunity, AC +3, negative energy resistance 1, electricity
resistance, torment resistance 1, petrification resistance
a: Renounce Religion, Berserk, Trog's Hand


You were on level 2 of the Dungeon.
You worshipped Trog.
Trog was pleased with you.
You visited 1 branch of the dungeon, and saw 2 of its levels.

You collected 127 gold pieces.

Inventory:

Hand Weapons
 a - a +0 mace (weapon)
 d - a +0 lajatang
 e - a +0 sling
 h - a +0 flail
Missiles
 c - 34 stones (quivered)
Armour
 b - a +0 animal skin
 j - a +0 leather armour (worn)
Jewellery
 g - a ring of willpower (left hand)
 i - an amulet of magic regeneration
Scrolls
 f - a scroll of teleportation {unknown}
 k - a scroll of amnesia {unknown}


   Skills:
 + Level 3.9 Fighting
 + Level 3.5 Maces & Flails
 * Level 2.9 Armour
 + Level 1.9 Dodging
 + Level 0.2 Stealth


You had 2 spell levels left.
You didn't know any spells.
Your spell library was empty.

Dungeon Overview and Level Annotations

Branches:
Dungeon (2/15)

Altars:

Annotations:
D:2 Terence


Innate Abilities, Weirdness & Mutations

You are immune to sickness and miasma.
Your stone body is resilient. (AC +3)
You are immune to poison.
You resist negative energy. (rN+)
You are resistant to electric shocks. (rElec)
You are resistant to unholy torment.
You are immune to petrification.


Message History

The worm is severely wounded.
The worm bites you.
* * * LOW HITPOINT WARNING * * *
You hit the worm.
The worm is almost dead.
You barely miss the worm.
The worm is almost dead.
The worm barely misses you.
You hit the worm but do no damage.
The worm is severely wounded.
The worm bites you.
* * * LOW HITPOINT WARNING * * *
You barely miss the worm.
The worm is severely wounded.
The worm closely misses you.
You barely miss the worm.
The worm is severely wounded.
You hit the worm.
You kill the worm!
Trog accepts your kill.
You start resting.
HP restored.
Found a scroll labelled RELAIS MOZA.
You now have 127 gold pieces (gained 5).
Terence the Incautious comes into view.
He is wielding a +3 vorpal trident and carrying a wand of roots (7).
Terence shouts!
Terence hits you from afar with a +3 vorpal trident.
Terence zaps a wand.
The roots erupt in riotous growth!
The grasping roots grab you! The grasping roots constrict you.
A red film seems to cover your vision as you go berserk!
You feel yourself moving faster!
You feel mighty!
Terence hits you from afar with a +3 vorpal trident.
The grasping roots constrict you.
The roots grasp on you weakens, but your attempt to escape fails.
You feel a strong urge to attack something.
Terence hits you from afar with a +3 vorpal trident!
* * * LOW HITPOINT WARNING * * *
x2 The grasping roots constrict you.
You die...

##########
##........########
.......##.##....@#
.......##.##.###.#
.............#
#.@.
..........##.#
#.###
..>....##.##.....#
..........##.....#
###....##.########
##.#.##......#
#.#.##......#


You could see Terence.

Vanquished Creatures
  An adder (D:2)
  A worm (D:2)
  A dart slug (D:2)
  3 endoplasms
  2 giant cockroaches (D:1)
  3 goblins (D:1)
  3 hobgoblins (D:2)
  6 kobolds
  A quokka (D:1)
  3 ball pythons (D:1)
  4 bats
  3 frilled lizards
  5 rats
36 creatures vanquished.

Notes
Turn   | Place    | Note
-------+----------+-------------------------------------------
     0 | D:1      | KittyFluff the Gargoyle Berserker began the quest for the
                  | Orb.
     0 | D:1      | Reached XP level 1. HP: 14/14 MP: 1/1
   278 | D:1      | Reached XP level 2. HP: 15/19 MP: 2/2
   949 | D:1      | Reached XP level 3. HP: 23/24 MP: 3/3
  1256 | D:2      | Reached ** piety under Trog
  1539 | D:2      | HP: 1/24 [worm (6)]
  1833 | D:2      | Noticed Terence
  1837 | D:2      | Constricted to death by Terence

Illustrated notes

Levels and vault maps discovered:
D:1:      heliophobic_arrival_henge, layout_basic
D:2:      layout_loops_cross, small_statue_intersection,
          dreamdust_princess_bridge, lightli_corner_chamber, uniq_terence

Action                   || total
-------------------------++-------
Melee: Mace              ||   113
       Punch             ||     1
Invok: Berserk           ||     1
Armor: Animal skin       ||    29
       Leather armour    ||     2
Dodge: Dodged            ||    66
